 Dungeon Crawl Stone Soup version 0.29-a0-193-ga21e45360d (webtiles) character file.

Game seed: 5950759437253725893

987 Murumi the Ducker (level 7, -1/41 HPs)
             Began as a Deep Elf Fighter on Feb 22, 2022.
             Slain by an ogre
             ... wielding a +0 giant spiked club
              (15 damage)
             ... on level 5 of the Dungeon.
             The game lasted 00:17:14 (7190 turns).

Murumi the Ducker (Deep Elf Fighter)                Turns: 7190, Time: 00:17:14

Health: -1/41      AC: 11    Str: 13    XL:     7   Next: 97%
Magic:  0/9        EV:  8    Int: 13    God:
Gold:   290        SH:  5    Dex: 18    Spells: 6/6 levels left

rFire   . . .      SeeInvis .   a - +0 long sword
rCold   + . .      Faith    .   c - +0 buckler
rNeg    . . .      Spirit   +   n - +0 chain mail
rPois   .          Reflect  .   m - +2 hat
rElec   .          Harm     .   (no cloak)
rCorr   .          Rampage  .   (no gloves)
Will    .....                   (no boots)
Stlth   ..........              g - amulet of guardian spirit
HPRegen 0.13/turn               (no ring)
MPRegen 0.11/turn               (no ring)

@: no status effects
A: agile 1, cold resistance 1, wild magic 1
a: no special abilities


You were on level 5 of the Dungeon.
You visited 1 branch of the dungeon, and saw 5 of its levels.

You collected 290 gold pieces.

Inventory:

Hand Weapons
 a - a +0 long sword (weapon)
Armour
 c - a +0 buckler (worn)
 m - a +2 hat (worn)
 n - a +0 chain mail (worn)
Jewellery
 g - an amulet of guardian spirit (around neck)
Wands
 l - a wand of flame (19)
Scrolls
 b - a scroll of holy word
 k - a scroll of fog
Potions
 d - a potion of attraction
 e - 2 potions of flight
 f - 2 potions of haste
 h - a potion of magic {unknown}
 i - 2 potions of heal wounds
 j - a potion of might
 o - a potion of curing {unknown}
 p - a potion of ambrosia {unknown}
 q - a potion of lignification {unknown}


   Skills:
 + Level 3.0 Fighting
 - Level 4.0 Long Blades
 - Level 3.0 Armour
 - Level 7.0 Dodging
 - Level 4.0 Stealth
 - Level 3.0 Shields
 - Level 3.0 Evocations


You had 6 spell levels left.
You didn't know any spells.
Your spell library contained the following spells:

 Spells                   Type           Power      Damage    Failure   Level
 Sublimation of Blood     Necr           0%         N/A       100%        2
 Wereblood                Tmut           0%         N/A       100%        2
 Dazzling Flash           Conj/Hex       0%         N/A       100%        3
 Iskenderun's Mystic Bla  Conj/Tloc      0%         2d3       100%        4
 Starburst                Conj/Fire      0%         6d3       100%        6
 Summon Hydra             Summ           0%         N/A       100%        7


Dungeon Overview and Level Annotations

Branches:
Dungeon (5/15)
 Temple: D:4-7

Altars:
Ashenzari
Hepliaklqana
Uskayaw
Vehumet

Shops:
D:3 (   D:4 =

Annotations:
D:4 2 transporters, paps's ghost, amateur OpFi


Innate Abilities, Weirdness & Mutations

You are agile. (Dex +2)
Your flesh is cold resistant. (rC+)
Your spells are a little harder to cast, but a little more powerful.


Message History

There is an open door here.
There is an open door here.
There is an open door here.
You open the door.
There is an open door here.
q - a yellow potion You open the door.
Found a hazy altar of Hepliaklqana.
Found a hide-covered altar of Uskayaw.
There is an open door here.
There is a fountain of clear blue water here.
There is an open door here.
You now have 280 gold pieces (gained 7).
You open the door.
There is an open door here.
A hound skeleton comes into view.
You slash the hound skeleton!
The hound skeleton is heavily damaged.
The hound skeleton bites you. The hound skeleton closely misses you.
You slash the hound skeleton!
You destroy the hound skeleton!
Training target 3.0 for Evocations reached!
Your Evocations skill increases to level 3!
You need to enable at least one skill for training.
You now have 290 gold pieces (gained 10).
You open the door.
There is an open door here.
An ogre comes into view. It is wielding a +0 giant spiked club.
The ogre shouts!
You slash the ogre!
The ogre is moderately wounded.
The ogre hits you with a +0 giant spiked club!
You barely miss the ogre.
The ogre is moderately wounded.
The ogre hits you with a +0 giant spiked club!
You are too injured to fight recklessly!
You slash the ogre!
The ogre is severely wounded.
The ogre hits you with a +0 giant spiked club!!
You die...

#...#######. ....
#........#.. ....
+........#.. .....
#........#.. .....
#........#.. ......
#........#..
......#####+####.....##.
#..O...#.####.....##.
#...@..#.............
#......#.............
+......'.............
#......##############
########


You could see an ogre.

Vanquished Creatures
  An ice beast (D:5)
  An ogre (D:5)
  A bullfrog (D:5)
  2 scorpions
  A water moccasin skeleton (D:4)
  A howler monkey (D:4)
  A bullfrog zombie (D:3)
  3 jellies
  3 hounds
  3 iguanas (D:5)
  2 hound skeletons (D:5)
  6 gnolls
  8 adders
  An ufetubus (D:4)
  2 worms
  2 dart slugs
  7 ball pythons
  6 bats
  8 endoplasms
  3 giant cockroaches
  5 goblins
  6 hobgoblins
  2 quokkas (D:2)
  7 frilled lizards
  3 kobolds
  4 rats
89 creatures vanquished.

Notes
Turn   | Place    | Note
-------+----------+-------------------------------------------
     0 | D:1      | Murumi the Deep Elf Fighter began the quest for the Orb.
     0 | D:1      | Reached XP level 1. HP: 13/13 MP: 3/3
   237 | D:1      | Reached XP level 2. HP: 14/18 MP: 4/4
   520 | D:1      | You fall into a shaft and drop 1 floor!
   785 | D:2      | Reached XP level 3. HP: 23/23 MP: 5/5
  1346 | D:1      | Reached skill level 1 in Dodging
  1549 | D:2      | Noticed a scorpion
  1558 | D:2      | Killed a scorpion
  1559 | D:2      | Reached skill level 1 in Stealth
  1559 | D:2      | Reached skill level 2 in Dodging
  1559 | D:2      | Reached skill level 3 in Dodging
  1559 | D:2      | Reached XP level 4. HP: 10/28 MP: 1/6
  2060 | D:2      | Reached XP level 5. HP: 7/32 MP: 3/7
  2576 | D:2      | Reached skill level 4 in Dodging
  2802 | D:3      | Found Kifel's Antique Weapon Shop.
  3312 | D:3      | Reached skill level 5 in Dodging
  3450 | D:3      | Found a radiant altar of Vehumet.
  3917 | D:4      | Reached skill level 1 in Evocations
  3917 | D:4      | Reached XP level 6. HP: 14/37 MP: 6/8
  4152 | D:4      | Found Vovypt's Jewellery Shop.
  4804 | D:4      | Found a transporter.
  4808 | D:4      | Noticed paps's ghost (amateur OpFi)
  4809 | D:4      | Found a transporter.
  5616 | D:5      | Entered Level 5 of the Dungeon
  5699 | D:5      | Reached XP level 7. HP: 41/41 MP: 9/9
  5750 | D:5      | Reached skill level 6 in Dodging
  6615 | D:5      | Found a broken altar of Ashenzari.
  6633 | D:5      | Gained mutation: Your flesh is cold resistant. (rC+)
                  | [potion of mutation]
  6633 | D:5      | Gained mutation: You are agile. (Dex +2) [potion of
                  | mutation]
  6633 | D:5      | Gained mutation: Your spells are a little harder to cast,
                  | but a little more powerful. [potion of mutation]
  6673 | D:5      | Reached skill level 7 in Dodging
  7098 | D:5      | Found a hazy altar of Hepliaklqana.
  7099 | D:5      | Found a hide-covered altar of Uskayaw.
  7190 | D:5      | Slain by an ogre

Illustrated notes

Levels and vault maps discovered:
D:1:      eino_arrival_cavern_a, layout_rooms
D:2:      layout_basic
D:3:      layout_loops_ring, vehumet_crystals, serial_shops, nicolae_shop_trees
D:4:      layout_layer_cave, gammafunk_ghost_arena, serial_shops,
          nicolae_lakefront_shop
D:5:      layout_gridville, ashenzari_conservatory_becter,
          gammafunk_temple_overflow_pools, st_stairs_11

Skill      XL: |  1  2  3  4  5  6  7 |
---------------+----------------------+-----
Long Blades    | 2 3 4 |  4.0
Fighting       | 3 |  3.0
Shields        | 3 |  3.0
Dodging        | 3 5 7 |  7.0
Stealth        | 1 2 3 4 |  4.0
Evocations     | 1 2 3 |  3.0
Armour         | 3 |  3.0

Action                   |  1- 3 |  4- 6 |  7- 9 || total
-------------------------+-------+-------+-------++-------
Melee: Long sword        |    84 |   192 |    94 ||   370
  Use: Scroll            |     2 |     3 |     5 ||    10
       Potion            |     1 |     1 |     1 ||     3
Armor: Scale mail        |    30 |    47 |       ||    77
       Chain mail        |       |    16 |    58 ||    74
Dodge: Dodged            |    33 |    86 |    27 ||   146
Block: Buckler           |    25 |    62 |    21 ||   108

Table legend: (Time is in decaauts)
 A = Elapsed time spent in this place.
 B = Non-inter-level travel time spent in this place.
 C = Inter-level travel time spent in this place.
 D = Time resting spent in this place.
 E = Time spent auto-exploring this place.
 F = Levels seen in this place.
 G = Mean time per level.
                   A        B        C        D        E       F      G
               +--------+--------+--------+--------+--------+-----+--------+
         Total |   7312 |   6904 |    408 |    397 |   5471 |   5 | 1462.4 |
       Dungeon |   7312 |   6904 |    408 |    397 |   5471 |   5 | 1462.4 |
               +--------+--------+--------+--------+--------+-----+--------+

Top non-repeatable levels by time:
     D:4: 2442 daAuts
     D:2: 1853 daAuts
     D:5: 1100 daAuts
     D:3: 1049 daAuts
     D:1: 866 daAuts
